 Dungeon Crawl Stone Soup version 0.27.1-3-gb3d3a73c9e (webtiles) character file.

Game seed: 13664304741125126446

18404 Crownlay the Thaumaturge (level 12, -2/109 HPs)
             Began as a Gargoyle Earth Elementalist on Oct 17, 2021.
             Was a Priest of Vehumet.
             Slain by a skeletal warrior (11 damage)
             ... led by a skeletal warrior
             ... on level 12 of the Dungeon.
             The game lasted 00:35:17 (13292 turns).

Crownlay the Thaumaturge (GrEE)                    Turns: 13292, Time: 00:35:18

Health: -2/109     AC: 26    Str:  7 (10) XL:     12   Next: 58%
Magic:  4/27       EV:  2    Int: 25 (27) God:    Vehumet [***...]
Gold:   1067       SH:  4    Dex:  8 (10) Spells: 23/34 levels left

rFire    + . .     SeeInvis .   v - +1 long sword (elec)
rCold    + . .     Faith    .   H - +0 buckler
rNeg     + + +     Spirit   .   (armour currently unavailable)
rPois    ∞         Reflect  .   (helmet currently unavailable)
rElec    +         Harm     .   (cloak currently unavailable)
rCorr    +         Rampage  .   (gloves currently unavailable)
Will     .....     NoTele   +   (boots currently unavailable)
Stlth    ++........             p - amulet of regeneration
HPRegen  1.28/turn              x - +4 ring of evasion
MPRegen  0.20/turn              I - +6 ring of intelligence

@: mighty, tree-form, resistant, hasted, very quick
A: stationary, stasis, torment immunity, boosted hp, sickness immunity, AC +8,
negative energy resistance 1, (electricity resistance), torment resistance 1,
petrification resistance, (horns 1), (large bone plates 1), weak 1, subdued
magic 1
a: Renounce Religion


You were on level 12 of the Dungeon.
You worshipped Vehumet.
Vehumet was most pleased with you.
You were a tree.
You visited 2 branches of the dungeon, and saw 13 of its levels.
You also visited: Bailey.

You collected 1067 gold pieces.

Inventory:

Hand Weapons
 v - a +1 long sword of electrocution (weapon)
Missiles
 c - 139 stones
Armour
 f - +3 steam dragon scales (melded)
 k - a +0 cloak (melded)
 B - a +1 tower shield of cold resistance
 D - a +2 hat (melded)
 F - a +0 pair of gloves (melded)
 H - a +0 buckler (worn)
Magical Staves
 n - a staff of air
Jewellery
 g - a ring of fire
 p - an amulet of regeneration (around neck)
 x - a +4 ring of evasion (left branch)
 I - a +6 ring of intelligence (right branch)
Wands
 C - a wand of paralysis (6)
Scrolls
 b - a scroll of acquirement {unknown}
 d - 7 scrolls of teleportation
 l - 3 scrolls of amnesia
 m - 3 scrolls of immolation
 r - 3 scrolls of noise
 t - a scroll of summoning {unknown}
 y - a scroll of blinking {unknown}
 G - 2 scrolls of magic mapping {unknown}
 J - a scroll of enchant weapon {unknown}
Potions
 a - 3 potions of might
 e - 6 potions of curing
 h - 2 potions of flight
 i - a potion of haste
 o - 2 potions of brilliance
 q - a potion of mutation
Miscellaneous
 A - a phantom mirror


   Skills:
 - Level 8.0 Fighting
 - Level 1.5 Dodging
 - Level 2.1 Stealth
 - Level 4.0 Shields
 + Level 11.9 Spellcasting
 - Level 10.8 Conjurations
 + Level 2.3 Transmutations
 * Level 11.0 Earth Magic


You had 23 spell levels left.
You knew the following spells:

 Your Spells              Type           Power      Damage    Failure   Level
a - Sandblast             Erth           100%       2d20      0%          1
b - Stone Arrow           Conj/Erth      100%       3d13      1%          3
c - Passwall              Tmut/Erth      30%        N/A       1%          2
d - Lee's Rapid Deconstr  Erth           26%        3d15*     1%          5

Your spell library contained the following spells:

 Spells                   Type           Power      Damage    Failure   Level
 Conjure Flame            Conj/Fire      32%        6-21      1%          3
 Beastly Appendage        Tmut           40%        N/A       1%          1
 Freeze                   Ice            44%        1d6       1%          1
 Wereblood                Tmut           20%        N/A       1%          2
 Hailstorm                Conj/Ice       32%        3d8       1%          4
 Petrify                  Tmut/Erth      37%        N/A       1%          4
 Irradiate                Conj/Tmut      18%        3d19      1%          5
 Frozen Ramparts          Ice            22%        1d4       2%          3
 Spider Form              Tmut/Pois      7%         N/A       6%          3
 Swiftness                Air            11%        N/A       10%         3
 Ice Form                 Ice/Tmut       15%        N/A       22%         4
 Summon Ice Beast         Ice/Summ       11%        N/A       34%         4
 Alistair's Intoxication  Tmut/Pois      10%        N/A       52%         5
 Summon Forest            Summ/Tloc      5%         N/A       71%         5
 Summon Mana Viper        Hex/Summ       11%        N/A       71%         5
 Invisibility             Hex            5%         N/A       99%         6
 Shadow Creatures         Summ           N/A        N/A       99%         6
 Malign Gateway           Summ/Tloc      5%         N/A       100%        7
 Necromutation            Tmut/Necr      7%         N/A       100%        8
 Summon Horrible Things   Summ           5%         N/A       100%        8


Dungeon Overview and Level Annotations

Branches:
Dungeon (12/15)            Temple (1/1) D:6            Lair (0/6) D:11
    Orc (0/2) D:12         Bailey (visited)

Altars:
Ashenzari
Cheibriados
Dithmenos
Elyvilon
Fedhas
Gozag
Hepliaklqana
Kikubaaqudgha
Makhleb
Nemelex Xobeh
Okawaru
Qazlal
Ru
Sif Muna
Trog
Uskayaw
Vehumet
Wu Jian
Xom
Yredelemnul
Zin
The Shining One

Shops:
D:4 (

Portals:
Trove: D:10 (give +5 demon trident)

Annotations:
D:7 exclusion: ice statue
D:10 exclusion: downstairs


Innate Abilities, Weirdness & Mutations

You are a tree.
Your roots penetrate the ground, keeping you stationary.
You cannot be teleported.
You are immune to unholy pain and torment.
Your maximum health is greatly increased.
Your equipment is partially melded.
You are immune to sickness and miasma.
((Your stone body is resilient. (AC +8)))
You are immune to poison.
You resist negative energy. (rN+)
((You are resistant to electric shocks. (rElec)))
You are resistant to unholy torment.
You are immune to petrification.
((You have a pair of small horns on your head.))
((You are partially covered in large bone plates. (SH +4)))
You are weak. (Str -2)
Your spells are a little easier to cast, but a little less powerful.


Message History

* * * LOW HITPOINT WARNING * * *
You barely miss the skeletal warrior.
The skeletal warrior is heavily damaged.
The skeletal warrior hits you but does no damage. x2
You barely miss the skeletal warrior.
The skeletal warrior is heavily damaged.
The boulder beetle leaps!
The skeletal warrior hits you with a +0 dire flail!
* * * LOW HITPOINT WARNING * * *
The skeletal warrior hits you but does no damage.
You hit the skeletal warrior.
The skeletal warrior is heavily damaged.
You block the skeletal warrior's attack.
You barely miss the skeletal warrior.
The skeletal warrior is heavily damaged.
You block the skeletal warrior's attack.
The skeletal warrior hits you from afar with a +0 halberd.
* * * LOW HITPOINT WARNING * * *
As you read the scroll of fear, it crumbles to dust.
You assume a fearsome visage.
The orc priest looks frightened!
The orc warrior looks frightened!
The orc looks frightened!
The orc priest looks frightened!
The orc looks frightened! x2
The skeletal warrior is unaffected. x4
You cannot teleport because you are held in place by your roots.
You completely miss the skeletal warrior.
The skeletal warrior is heavily damaged.
The skeletal warrior barely misses you.
The skeletal warrior hits you but does no damage.
You hit the skeletal warrior but do no damage.
Lightning courses through the skeletal warrior!
The skeletal warrior is severely damaged.
Cornered, the orc turns to fight!
The skeletal warrior hits you but does no damage.
The skeletal warrior hits you with a +0 dire flail!
* * * LOW HITPOINT WARNING * * *
The orc wails, "Oh dear!
Oh dear!"
You feel better.
The orc priest starts to cry.
The skeletal warrior hits you from afar with a +0 halberd!
You die...

#...##...##
#.....#
##...# ##
#.###.#
#...# #)#
#.# ##...#
#)# #.#
#.#.##
##)###.#
.##>#
#.).##.#
.##.#
#.8.##.#
.##.#
##...##.#
z##.#
#♣#####.###
z##.#
#ozz##
#.#.##
.##.# #.zz
#....##
z##.# #o..
##.....##
.##(# #o###
#.......#
.##z### .o#
#.....<##
.##.#..
..8.
###...##
.##.#.# #..
##.##
.##.#.#
#.### ###
#.#


You could see 4 skeletal warriors, an orc priest (fleeing) and 3 orcs.

Vanquished Creatures
  Snorg (D:11)
  7 death yaks
  3 two-headed ogres
  A skeletal warrior (D:12)
  2 orc knights (Bailey)
  A cyclops (D:11)
  A centaur zombie (D:10)
  A gargoyle (D:10)
  A guardian mummy (D:10)
  2 trolls
  Prince Ribbit (D:5)
  3 slime creatures (D:10)
  2 wyverns
  15 yaks
  2 steam dragons
  Menkaure (D:7)
  An acid dragon (D:11)
  2 sky beasts (D:6)
  3 black bears
  12 orc warriors
  2 ogres
  A necrophage (D:6)
  4 centaurs
  5 bullfrogs
  Blork the orc (D:6)
  3 gnoll sergeants
  3 scorpions
  3 killer bees (D:11)
  4 wights (D:6)
  A bullfrog zombie (D:5)
  4 hounds
  3 lava snakes (D:9)
  3 jellies
  3 bullfrog skeletons
  8 orc priests
  A gnoll shaman (D:7)
  Crazy Yiuf (D:2)
  Jessica (D:2)
  3 iguanas
  14 orc wizards
  A hound skeleton (D:4)
  A howler monkey zombie (D:6)
  7 gnolls
  5 adders
  A shadow imp (D:4)
  A white imp (D:6)
  An ufetubus (D:6)
  48 orcs
  6 endoplasms
  5 giant cockroaches
  6 goblins
  3 hobgoblins
  3 quokkas
  2 ball pythons (D:4)
  A bat (D:3)
  A frilled lizard (D:3)
  4 kobolds
  A rat (D:2)
227 creatures vanquished.

Vanquished Creatures (others)
  7 fungi (D:6)
  5 toadstools (D:6)
12 creatures vanquished.

Grand Total: 239 creatures vanquished

Notes
Turn   | Place    | Note
-------+----------+-------------------------------------------
     0 | D:1      | Crownlay the Gargoyle Earth Elementalist began the quest
                  | for the Orb.
     0 | D:1      | Reached XP level 1. HP: 10/10 MP: 3/3
   569 | D:1      | Reached XP level 2. HP: 15/15 MP: 5/5
   608 | D:2      | Found a runed translucent door.
   609 | D:2      | Noticed Crazy Yiuf
   653 | D:2      | Killed Crazy Yiuf
   654 | D:2      | Reached XP level 3. HP: 2/19 MP: 1/6
  1245 | D:2      | Found a faded altar of an unknown god.
  1258 | D:2      | Found a bloodstained altar of Trog.
  1262 | D:2      | Noticed Jessica
  1271 | D:2      | Killed Jessica
  1272 | D:2      | Reached skill level 5 in Earth Magic
  1272 | D:2      | Reached XP level 4. HP: 6/24 MP: 3/8
  1581 | D:2      | Learned a level 3 spell: Stone Arrow
  2110 | D:3      | Reached XP level 5. HP: 28/28 MP: 3/9
  2276 | D:3      | Noticed an orc warrior
  2277 | D:3      | Noticed a sky beast
  2618 | D:3      | Learned a level 2 spell: Passwall
  2646 | D:3      | Found a snail-covered altar of Cheibriados.
  3014 | D:4      | Reached XP level 6. HP: 32/32 MP: 7/11
  3312 | D:4      | Found an iron altar of Okawaru.
  3522 | D:4      | Found Agate's Weapon Emporium.
  3645 | D:4      | Reached XP level 7. HP: 29/36 MP: 7/13
  3778 | D:5      | Entered Level 5 of the Dungeon
  4240 | D:5      | Reached XP level 8. HP: 41/41 MP: 9/15
  4341 | D:5      | Noticed Prince Ribbit
  4345 | D:5      | Killed Prince Ribbit
  4346 | D:5      | Reached skill level 5 in Spellcasting
  4567 | D:6      | Found a staircase to the Ecumenical Temple.
  4573 | Temple   | Entered the Ecumenical Temple
  4608 | Temple   | Became a worshipper of Vehumet
  4636 | D:6      | Got the Reference Book on Vitriolic Moulding
  4651 | D:6      | Reached skill level 10 in Earth Magic
  4867 | D:6      | Found a sparkling altar of Nemelex Xobeh.
  5093 | D:6      | Reached XP level 9. HP: 45/45 MP: 17/20
  5148 | D:6      | Reached skill level 1 in Fighting
  5148 | D:6      | Noticed Blork the orc
  5171 | D:6      | Killed Blork the orc
  5172 | D:6      | Reached skill level 1 in Conjurations
  5579 | D:6      | Found a shadowy altar of Dithmenos.
  5579 | D:6      | Found an opulent altar of Gozag.
  5581 | D:6      | Found a hazy altar of Hepliaklqana.
  5595 | D:6      | Found a shimmering blue altar of Sif Muna.
  5728 | D:6      | Found a sacrificial altar of Ru.
  6248 | D:7      | Reached * piety under Vehumet
  6248 | D:7      | Offered knowledge of Foxfire by Vehumet.
  6501 | D:7      | Noticed Menkaure
  6504 | D:7      | Killed Menkaure
  6517 | D:7      | Reached skill level 5 in Fighting
  6550 | D:7      | Found a flagged portal.
  6569 | Bailey   | Entered a bailey
  6955 | Bailey   | Noticed an orc knight
  6957 | Bailey   | Noticed an orc knight
  7213 | Bailey   | Offered knowledge of Magic Dart by Vehumet.
  7357 | Bailey   | Killed an orc knight
  7358 | Bailey   | Reached XP level 10. HP: 61/61 MP: 6/22
  7603 | Bailey   | Killed an orc knight
  7981 | D:7      | Reached skill level 5 in Conjurations
  8107 | D:7      | Noticed an ice statue
  8775 | D:8      | Reached ** piety under Vehumet
  9668 | D:9      | Found a glowing golden altar of the Shining One.
  9863 | D:9      | Found a hide-covered altar of Uskayaw.
  9940 | D:9      | Reached XP level 11. HP: 68/68 MP: 22/24
 10187 | D:9      | Reached skill level 10 in Spellcasting
 10246 | D:10     | Entered Level 10 of the Dungeon
 10498 | D:10     | Learned a level 5 spell: Lee's Rapid Deconstruction
 10705 | D:10     | Offered knowledge of Searing Ray by Vehumet.
 10768 | D:10     | Found a portal to a secret trove of treasure.
 10927 | D:10     | Noticed a two-headed ogre
 10931 | D:10     | Killed a two-headed ogre
 11033 | D:11     | Noticed a death yak
 11033 | D:11     | Noticed a death yak
 11033 | D:11     | Noticed a death yak
 11033 | D:11     | Noticed a death yak
 11033 | D:11     | Noticed a death yak
 11036 | D:11     | Noticed a death yak
 11036 | D:11     | Noticed a two-headed ogre
 11040 | D:10     | Killed a death yak
 11041 | D:10     | Reached skill level 1 in Shields
 11304 | D:11     | Killed a death yak
 11339 | D:11     | Noticed a death yak
 11352 | D:11     | Killed a death yak
 11453 | D:11     | Killed a two-headed ogre
 11503 | D:11     | Killed a death yak
 11503 | D:11     | Reached *** piety under Vehumet
 11569 | D:11     | Found a staircase to the Lair.
 11582 | D:11     | Killed a death yak
 11583 | D:11     | Reached skill level 10 in Conjurations
 11583 | D:11     | Reached XP level 12. HP: 59/73 MP: 18/27
 11662 | D:11     | Killed a death yak
 11665 | D:11     | Killed a death yak
 11857 | D:11     | Noticed Snorg
 11868 | D:11     | Killed Snorg
 12286 | D:11     | Reached skill level 1 in Transmutations
 12575 | D:11     | Offered knowledge of Conjure Flame by Vehumet.
 12999 | D:12     | Noticed a boulder beetle
 13010 | D:12     | Noticed a two-headed ogre
 13074 | D:12     | Noticed a two-headed ogre
 13083 | D:12     | Killed a two-headed ogre
 13157 | D:12     | Noticed a boulder beetle
 13249 | D:12     | Found a staircase to the Orcish Mines.
 13274 | D:12     | Gained mutation: You are weak. (Str -2) [potion of
                  | mutation]
 13274 | D:12     | Gained mutation: Your spells are a little easier to cast,
                  | but a little less powerful. [potion of mutation]
 13274 | D:12     | Gained mutation: You have a pair of small horns on your
                  | head. [potion of mutation]
 13274 | D:12     | Gained mutation: You are partially covered in large bone
                  | plates. (SH +4) [potion of mutation]
 13291 | D:12     | HP: 3/109 [skeletal warrior[a skeletal warrior] (8)]
 13292 | D:12     | Slain by a skeletal warrior

Illustrated notes

Levels and vault maps discovered:
D:1:      psy_arrival_heroes, layout_basic
D:2:      layout_rooms, basic_altar, basic_ecumenical_altar, uniq_jessica,
          uniq_crazy_yiuf_cottage
D:3:      layout_loops_corners, mainiacjoe_overflow_six_doors_small,
          grunt_ministairs_12, chequers_serial_rivers_room_b,
          lightli_corner_chamber
D:4:      layout_rooms, mainiacjoe_overflow_alcove_1, serial_shops,
          nicolae_shop_competitors_out_of_business
D:5:      layout_loops_ring, uniq_prince_ribbit1
D:6:      layout_loops_ring, mainiacjoe_overflow_brackets,
          nicolae_overflow_hidden_temple, kennysheep_orc_sif_temple,
          mainiacjoe_overflow_tiny_flanked, minmay_temple_entry_offerings,
          minmay_gold_behind_fungi, sword_in_stone
D:7:      lemuel_ice_statue, layout_gridville, enter_bailey_5, uniq_menkaure
D:8:      layout_gridville
D:9:      layout_big_octagon, nicolae_overflow_crystal_walls,
          kennysheep_mini_moat, grunt_decor_junction
D:10:     layout_basic, nicolae_trove_entry_path_of_doom
D:11:     layout_basic, dpeg_lair_monsters, uniq_snorg
D:12:     layout_loops_ring, hiddenorc2_lemuel, gauntlet_entry_generic,
          uniq_gastronok
Temple:   chequers_temple_sunken

Skill      XL: |  1  2  3  4  5  6  7  8  9 10 11 12 |
---------------+-------------------------------------+-----
Earth Magic    | 4 5 6 7 9 10 11 | 11.0
Spellcasting   | 3 4 7 8 9 11 | 11.9
Fighting       | 6 8 |  8.0
Conjurations   | 4 7 10 | 10.8
Shields        | 4 |  4.0
Transmutations | 2 |  2.3
Dodging        | |  1.5
Stealth        | |  2.1

Action                   |  1- 3 |  4- 6 |  7- 9 | 10-12 || total
-------------------------+-------+-------+-------+-------++-------
Melee: Unarmed           |    22 |       |       |       ||    22
       Short sword       |    10 |       |       |       ||    10
       Dagger            |       |    36 |       |       ||    36
       Long sword        |       |       |     1 |    57 ||    58
 Cast: Sandblast         |    15 |    52 |   122 |   166 ||   355
       Stone Arrow       |       |     1 |    59 |    83 ||   143
       Lee's Rapid Decon |       |       |       |    24 ||    24
  Use: Scroll            |       |       |     5 |    10 ||    15
       Potion            |       |       |       |    13 ||    13
 Stab: Sleeping          |     1 |       |       |       ||     1
Armor: Robe              |    16 |    10 |    10 |       ||    36
       Steam dragon scal |       |       |       |    84 ||    84
       Skin              |       |       |       |     8 ||     8
Dodge: Dodged            |    21 |    36 |    34 |   119 ||   210
Block: Buckler           |       |       |       |    27 ||    27
       Rpst.: Long sword |       |       |     7 |    23 ||    30
